Map: Whispers of Gold

Players

CreekyBones

  • Race: Terran Terran
  • League: Bronze
  • Spawn Location: 9:00

iPlayDefense - Winner!

  • Race: Protoss Protoss
  • League: Silver
  • Spawn Location: 5:00

VOD

Have the link to the VOD?

Description

Time

  • Played on: April 14, 2025, 2:53 p.m.
  • Length: 21:36
Show
View Real Time Build Order
Export as new Build Order

CreekyBones Terran 

Build Orders:  

Get SALT Encoding   

  12  0:01  SCV  
  13  0:18  Supply Depot  
  13  0:21  SCV  
  14  0:32  Refinery  
  14  0:41  SCV  
  15  0:47  Barracks  
  15  0:53  SCV  
  16  1:12  Engineering Bay  
  16  1:22  SCV  
  17  1:34  SCV  
  17  1:36  Marine  
  19  1:53  Marine  
  20  1:58  Bunker  
  20  1:59  Neosteel Armor  
  20  2:02  Orbital Command  
  20  2:13  Barracks  
  20  2:38  SCV  
  21  2:45  Marine  
  21  2:46  Refinery  
  21  2:50  SCV  
  23  3:04  Command Center  
  23  3:15  Supply Depot  
  23  3:36  Marine x2  
  23  3:37  SCV  
  23  3:38  Supply Depot  
  26  3:49  SCV  
  26  3:50  Factory  
  26  3:54  Marine  
  28  4:01  SCV  
  28  4:02  Barracks Tech Lab  
  29  4:13  SCV  
  30  4:34  Orbital Command  
  30  4:35  Missile Turret  
  30  4:39  Combat Shield  
  30  4:44  Factory Tech Lab  
  30  4:51  Starport  
  30  4:55  SCV  
  31  5:08  SCV  
  32  5:15  Siege Tank  
  32  5:19  SCV  
  32  5:20  SCV  
  37  5:26  Marine x2  
  39  5:31  SCV  
  39  5:32  SCV  
  41  5:40  Terran Infantry Weapons Level 1  
  41  5:44  SCV, Marine x2  
  41  5:47  Siege Tank  
  47  5:57  Concussive Shells  
  47  6:01  Starport Reactor  
  47  6:03  Marauder  
  49  6:12  Factory  
  49  6:15  Supply Depot  
  49  6:24  Marauder  
  51  6:26  Refinery  
  51  6:38  Supply Depot  
  51  6:48  Missile Turret  
  51  6:50  Stimpack  
  51  6:55  Siege Tank  
  54  7:08  SCV x2  
  56  7:10  Missile Turret  
  56  7:20  SCV x2  
  58  7:26  Marine x2  
  60  7:32  SCV x2  
  60  7:33  Medivac  
  60  7:34  Terran Infantry Armor Level 1  
  60  7:35  Medivac  
  66  7:44  SCV, Marine x2  
  70  7:51  Supply Depot, SCV  
  70  7:56  SCV  
  71  8:02  Marine x2, Liberator  
  71  8:05  Viking  
  78  8:10  Factory Tech Lab  
  78  8:14  Supply Depot  
  78  8:15  Command Center  
  78  8:20  Marauder  
  78  8:21  SCV  
  78  8:22  SCV, Refinery  
  78  8:24  Marine  
  83  8:27  Siege Tank  
  86  8:36  SCV x2, Viking  
  90  8:42  Marine, Marauder  
  90  8:47  Armory  
  93  8:52  Viking  
  95  9:00  Marine  
  95  9:01  Supply Depot  
  96  9:23  Supply Depot  
  96  9:26  Marine x2  
  98  9:44  Marine x2, Starport  
  100  10:03  Marauder  
  96  10:23  Siege Tank  
  96  10:24  Marauder  
  101  10:29  Liberator x2  
  101  10:33  Starport Tech Lab  
  107  10:39  Planetary Fortress, Fusion Core  
  107  10:55  Siege Tank  
  110  11:09  Missile Turret  
  110  11:12  Refinery  
  110  11:13  Missile Turret  
  110  11:29  Advanced Ballistics  
  110  11:36  Factory  
  110  11:44  Supply Depot  
  110  11:46  Terran Vehicle Weapons Level 1  
  110  11:48  Supply Depot  
  110  11:49  Supply Depot  
  110  12:04  Command Center  
  110  12:05  Sensor Tower  
  110  12:06  Marine x2  
  112  12:24  Thor x2, Marine x2  
  126  12:40  Bunker  
  126  12:42  Marine, Sensor Tower  
  127  12:48  Viking x3  
  133  13:13  Refinery  
  133  13:18  Viking x2  
  137  13:39  Command Center  
  137  13:40  Terran Vehicle And Ship Armor Level 1  
  137  13:43  Viking  
  137  13:48  Viking x2  
  143  13:54  Factory Tech Lab  
  143  14:06  Starport  
  143  14:13  Viking  
  145  14:18  Liberator, Viking  
  150  14:37  SCV x2  
  152  14:43  Battlecruiser  
  158  14:47  Liberator  
  158  14:49  SCV x2  
  163  15:01  SCV  
  163  15:02  SCV  
  165  15:35  Terran Ship Weapons Level 1  
  99  16:46  Planetary Fortress  
  99  16:49  Marine x2  
  101  16:54  Siege Tank x3  
  110  17:07  Marine x2  
  112  17:25  Marine x2  
  114  17:37  Bunker  
  114  17:43  Marine x2  
  116  17:44  Missile Turret  
  116  18:01  Marauder  
  116  18:03  Thor x3  
  116  18:04  Missile Turret  
  136  18:08  Bunker  
  136  18:09  Terran Vehicle Weapons Level 2  
  136  18:26  Bunker  
  136  18:27  Missile Turret  
  136  18:30  Command Center  
  136  18:32  Marine  
  136  18:33  Marine  
  138  18:46  Thor, Missile Turret  
  144  18:50  Marine x2  
  146  18:57  Viking x3  
  146  18:58  Viking  
  154  19:05  Missile Turret  
  154  19:08  Marine x2  
  156  19:20  Missile Turret  
  156  19:26  Marine x2  
  156  19:28  Refinery  
  158  19:33  Viking x3  
  164  19:41  Viking  
  164  19:42  Missile Turret  
  164  19:44  Marine x2  
  164  19:45  Refinery  
  168  19:48  SCV  
  168  19:49  SCV  
  170  20:00  SCV  
  170  20:01  SCV, Marine  
  170  20:02  Marine  
  174  20:07  Starport Tech Lab  
  174  20:11  Smart Servos  
  174  20:13  SCV  
  175  20:19  Marine x2  
  177  20:25  Raven  
  179  20:37  Marine  
Show
View Real Time Build Order
Export as new Build Order

iPlayDefense Protoss - Winner!

Build Orders: 1 Gate Expand 

Get SALT Encoding   

  1  0:00  Probe  
  13  0:15  Pylon  
  13  0:25  Assimilator  
  13  0:44  Gateway  
  13  0:48  Probe  
  14  0:59  Probe  
  15  1:06  Forge  
  15  1:07  Probe  
  16  1:38  Nexus  
  16  1:40  Zealot  
  18  1:59  Cybernetics Core  
  18  2:01  Zealot  
  20  2:29  Probe  
  21  2:39  Pylon  
  21  2:41  Stalker, Probe  
  22  2:53  Probe  
  25  3:05  Assimilator  
  25  3:06  Stalker  
  25  3:07  Probe  
  25  3:10  Probe  
  29  3:15  Probe  
  30  3:22  Probe  
  30  3:25  Probe  
  32  3:34  Probe  
  32  3:37  Gateway  
  32  3:40  Gateway  
  33  3:48  Shield Battery  
  33  3:51  Probe x2  
  35  4:03  Probe x2  
  37  4:15  Probe  
  37  4:17  Stalker x2  
  38  4:22  Pylon  
  38  4:24  Stalker, Pylon  
  44  4:44  Twilight Council  
  44  4:45  Probe  
  44  4:46  Probe  
  44  4:52  Stalker  
  46  4:58  Probe  
  46  4:59  Photon Cannon  
  49  5:00  Photon Cannon  
  49  5:06  Protoss Shields Level 1  
  49  5:10  Stalker  
  49  5:11  Stalker  
  53  5:31  Assimilator, Probe  
  53  5:32  Probe  
  53  5:33  Assimilator  
  55  5:43  Probe  
  55  5:44  Pylon, Probe  
  55  5:46  Blink  
  57  5:55  Probe  
  57  5:56  Probe  
  59  6:07  Probe  
  59  6:08  Probe  
  61  6:19  Probe  
  61  6:20  Probe  
  61  6:21  Photon Cannon  
  61  6:25  Templar Archives  
  63  6:30  Stalker  
  63  6:31  Stalker  
  63  6:32  Probe x2  
  69  6:44  Pylon, Probe  
  70  6:48  Pylon  
  70  6:57  Stalker  
  70  7:02  Probe x2  
  70  7:04  Stalker  
  76  7:11  Nexus  
  76  7:12  Assimilator  
  76  7:14  Probe  
  77  7:16  Assimilator  
  77  7:20  Probe  
  78  7:27  Probe  
  79  7:32  Probe  
  79  7:33  Stalker  
  79  7:34  Stalker x2  
  86  7:47  Charge  
  86  8:10  Stalker x3  
  86  8:22  Probe x2  
  86  8:23  Pylon  
  86  8:25  Pylon  
  94  8:28  Probe  
  95  8:34  Probe x2  
  95  8:36  Probe  
  95  8:37  Stalker  
  95  8:38  Stalker x2  
  104  8:45  Probe  
  104  8:46  Probe x2  
  107  8:57  Probe  
  107  8:58  Probe x2  
  110  9:04  Stalker  
  110  9:05  Stalker x2  
  116  9:11  Probe  
  117  9:29  Photon Cannon  
  117  9:30  Photon Cannon x2  
  117  9:33  Photon Cannon x2  
  117  9:47  Pylon x2  
  117  9:49  Pylon  
  117  9:50  Pylon  
  117  9:53  Pylon  
  117  10:01  Stalker  
  117  10:02  Stalker  
  117  10:04  Probe  
  94  10:22  Photon Cannon x2  
  94  10:26  Stalker x3  
  94  10:27  Photon Cannon  
  94  10:28  Photon Cannon  
  94  10:32  Stargate  
  94  10:34  Stargate  
  94  10:35  Stargate  
  94  10:37  Stargate  
  94  10:40  Stargate  
  100  10:45  Protoss Ground Armor Level 1  
  100  10:51  Stalker x3  
  106  11:03  Protoss Air Weapons Level 1  
  106  11:11  Photon Cannon  
  106  11:12  Photon Cannon  
  106  11:18  Stalker x3, Photon Cannon  
  106  11:20  Photon Cannon  
  106  11:23  Photon Cannon x2  
  112  11:45  Stalker x3  
  118  11:58  Nexus  
  118  12:01  Assimilator  
  118  12:04  Assimilator  
  118  12:07  Photon Cannon  
  118  12:08  Pylon  
  118  12:09  Photon Cannon  
  118  12:11  Pylon  
  118  12:12  Stalker x2  
  136  12:18  Void Ray  
  136  12:19  Void Ray x3  
  138  12:41  Fleet Beacon  
  138  12:46  Protoss Shields Level 2  
  138  12:47  Photon Cannon  
  138  12:48  Photon Cannon  
  138  12:50  Photon Cannon  
  158  13:07  Void Ray x5  
  158  13:11  Protoss Air Armor Level 1  
  158  13:34  Pylon  
  158  13:35  Pylon  
  158  13:37  Pylon  
  158  13:47  Photon Cannon  
  170  13:50  Void Ray x3  
  170  14:08  Void Ray  
  170  14:09  Void Ray, Photon Cannon  
  178  14:11  Photon Cannon  
  186  14:33  Void Ray x2  
  186  14:38  Robotics Facility  
  190  14:46  Void Ray  
  190  14:51  Void Ray  
  190  14:52  Void Ray  
  198  15:10  Protoss Ground Weapons Level 1  
  198  15:23  Protoss Air Weapons Level 2  
  94  16:27  Void Ray x2  
  94  16:28  Void Ray x3  
  102  16:58  Void Ray x4  
  102  16:59  Void Ray  
  102  17:03  Flux Vanes  
  122  17:12  Protoss Ground Armor Level 2  
  122  17:18  Robotics Bay  
  122  17:36  Void Ray  
  142  17:37  Void Ray x4  
  142  17:57  Protoss Air Armor Level 2  
  142  18:19  Void Ray  
  162  18:20  Void Ray x4, Photon Cannon  
  162  18:24  Photon Cannon  
  162  18:56  Void Ray  
  162  18:57  Void Ray x2  
  162  18:58  Void Ray  
  178  19:13  Void Ray  
  178  19:14  Photon Cannon  
  178  19:15  Photon Cannon  
  178  19:17  Photon Cannon  
  178  19:19  Photon Cannon  
  178  19:21  Photon Cannon  
  178  19:22  Photon Cannon  
  182  19:25  Void Ray  
  182  19:36  Void Ray x3  
Tags
 
Matchup
PvT
Replay Pack
DaveSC2
Spawn Locations
Cross Positions
Add a new tag
Caveats
  • Supply blocks, unpowered buildings, or Contaminate may cause inaccurate times.
  • Supply counts are checked every 10 seconds.